 Dungeon Crawl Stone Soup version 0.28-a0-258-g8de209e91f (webtiles) character file.

Game seed: 16262213715638154389

49 aSlayers the Slasher (level 3, -4/30 HPs)
             Began as a Merfolk Chaos Knight on Aug 26, 2021.
             Was a Plaything of Xom.
             Slain by a gnoll (6 damage)
             ... on level 4 of the Dungeon.
             The game lasted 00:03:12 (1149 turns).

aSlayers the Slasher (Merfolk Chaos Knight)         Turns: 1149, Time: 00:03:12

Health: -4/30      AC:  5    Str: 13    XL:     3   Next: 77%
Magic:  3/3        EV: 12    Int: 11    God:    Xom [....*.]
Gold:   21         SH:  0    Dex: 13    Spells: 2/2 levels left

rFire   . . .      SeeInvis .   a - +0 falchion (chaos)
rCold   . . .      Faith    .   (no shield)
rNeg    . . .      Spirit   .   b - +2 leather armour
rPois   .          Reflect  .   (no helmet)
rElec   .          Harm     .   (no cloak)
rCorr   .          Rampage  .   (no gloves)
Will    .....                   (no boots)
Stlth   +.........              (no amulet)
HPRegen 0.10/turn               (no ring)
MPRegen 0.08/turn               (no ring)

@: no status effects
A: (nimble swimmer 2), mertail
a: Renounce Religion


You were on level 4 of the Dungeon.
You worshipped Xom.
You were a beloved toy of Xom.
You visited 1 branch of the dungeon, and saw 3 of its levels.

You collected 47 gold pieces.
You spent 26 gold pieces at shops.

Inventory:

Hand Weapons
 a - a +0 falchion of chaos (weapon)
Armour
 b - a +2 leather armour (worn)
Jewellery
 e - a ring of willpower
Scrolls
 c - a scroll of teleportation {unknown}
 f - a scroll of fog {unknown}
 h - a scroll of amnesia {unknown}
Potions
 d - 2 potions of cancellation


   Skills:
 + Level 3.8 Fighting
 + Level 4.0 Long Blades
 + Level 1.5 Armour
 + Level 2.8 Dodging


You had 2 spell levels left.
You didn't know any spells.
Your spell library contained the following spells:

 Spells                   Type           Power      Damage    Failure   Level
 Foxfire                  Conj/Fire      0%         2x1d4     41%         1
 Conjure Flame            Conj/Fire      0%         6-21      80%         3
 Inner Flame              Hex/Fire       0%         N/A       80%         3


Dungeon Overview and Level Annotations

Branches:
Dungeon (2/15)

Altars:
Xom

Shops:
D:1 ?


Innate Abilities, Weirdness & Mutations

((You are quick and stealthy near water. (Stealth+, EV+, Speed+++)))
Your lower body shifts to a powerful aquatic tail in water.


Message History

You kill the gnoll!
Things that are here:
a +0 spear; a +0 whip Xom briefly touches your surroundings.
You are now a beloved toy of Xom.
Found a scroll labelled TUANWI YSEY.
h - a scroll labelled TUANWI YSEY You fall into a shaft and drop 2 floors!
The shaft crumbles and collapses. 2 jackals, 5 gnolls and a gnoll shaman come into view.
The gnoll shaman shouts!
The gnoll shouts! x3; The jackal barks! x2
The gnoll shouts! x2; You hear an angry hiss.
Found 12 gold pieces.
Found a stone staircase leading down and a stone staircase leading up.
You hit the gnoll shaman.
The gnoll shaman is lightly wounded.
The gnoll shaman hits you with a +0 club.
The gnoll closely misses you.
You barely miss the gnoll shaman.
The gnoll shaman is lightly wounded.
An adder comes into view.
The gnoll hits you with a +0 club. x2; The gnoll shaman barely misses you.
The gnoll hits you with a +0 club.
You barely miss the gnoll shaman.
The gnoll shaman is lightly wounded.
The gnoll hits you but does no damage. The gnoll hits you with a +0 club. x2
* * * LOW HITPOINT WARNING * * *
The gnoll shaman hits you with a +0 club.
* * * LOW HITPOINT WARNING * * *
The gnoll hits you with a +0 flail.
* * * LOW HITPOINT WARNING * * *
You aren't wearing any rings or amulets.
You don't know any spells.
You don't know any spells.
You don't know any spells.
Okay, then.
As you read the scroll of identify, it crumbles to dust.
d - 2 potions of cancellation The gnoll hits you with a +0 club.
You die...
Xom guffaws!

##
###########..#
##............#
........g...>..
......g@gh.....
......ggg......
........h......
...............
.......S.......
.$.............
...<.........##
............##


You could see a gnoll shaman, 5 gnolls, an adder and 2 jackals.

Vanquished Creatures
  2 gnolls (D:2)
  An endoplasm (D:2)
  5 hobgoblins
  2 jackals (D:1)
  2 quokkas
  2 ball pythons
  2 bats
  3 frilled lizards
  A goblin (D:1)
20 creatures vanquished.

Vanquished Creatures (collateral kills)
  2 gnolls (D:2)
  A rat (D:2)
3 creatures vanquished.

Grand Total: 23 creatures vanquished

Notes
Turn   | Place    | Note
-------+----------+-------------------------------------------
     0 | D:1      | aSlayers the Merfolk Chaos Knight began the quest for the
                  | Orb.
     0 | D:1      | Reached XP level 1. HP: 18/18 MP: 1/1
   110 | D:1      | XOM: silly message
   398 | D:1      | Found a faded altar of an unknown god.
   436 | D:1      | Reached XP level 2. HP: 19/24 MP: 2/2
   546 | D:1      | XOM: divination: detect items
   548 | D:1      | Found Nyri's Magic Scroll Shop.
   571 | D:1      | Bought a scroll of identify for 26 gold pieces
   584 | D:1      | XOM: divination: detect creatures
   604 | D:1      | XOM: silly message
   877 | D:2      | Reached skill level 1 in Armour
   965 | D:2      | XOM: silly message
   974 | D:2      | XOM: potion effect (haste)
   981 | D:2      | XOM: enchant monster (good)
   982 | D:2      | Reached XP level 3. HP: 19/30 MP: 3/3
   986 | D:2      | Reached skill level 4 in Long Blades
  1058 | D:2      | XOM: scenery: create altars
  1145 | D:2      | You fall into a shaft and drop 2 floors!
  1149 | D:4      | Slain by a gnoll

Illustrated notes

Levels and vault maps discovered:
D:1:      scummos_arrival_hexagon, layout_loops_ring, basic_ecumenical_altar,
          serial_shops, shop
D:2:      layout_basic
D:4:      layout_cave_pods, uniq_blork_the_orc

Skill      XL: |  1  2  3 |
---------------+----------+-----
Armour         | 1 |  1.5
Long Blades    | 4 |  4.0
Fighting       | |  3.8
Dodging        | |  2.8

Action                   || total
-------------------------++-------
Melee: Falchion          ||    66
  Use: Scroll            ||     1
Armor: Leather armour    ||    22
Dodge: Dodged            ||    60
       Rpst.: Falchion   ||    19

Table legend: (Time is in decaauts)
 A = Elapsed time spent in this place.
 B = Non-inter-level travel time spent in this place.
 C = Inter-level travel time spent in this place.
 D = Time resting spent in this place.
 E = Time spent auto-exploring this place.
 F = Levels seen in this place.
 G = Mean time per level.
                   A        B        C        D        E       F      G
               +--------+--------+--------+--------+--------+-----+--------+
         Total |   1138 |   1138 |      0 |      0 |    900 |   3 |  379.3 |
       Dungeon |   1138 |   1138 |      0 |      0 |    900 |   3 |  379.3 |
               +--------+--------+--------+--------+--------+-----+--------+

Top non-repeatable levels by time:
     D:1: 856 daAuts
     D:2: 277 daAuts
     D:4: 4 daAuts
